 Dungeon Crawl Stone Soup version 0.27.0-1-g7a089689b8 (webtiles) character file.

Game seed: 5772665568947368296

9437 ZARRMARR the Cleaver (level 11, 0/94 (99) HPs)
             Began as a Hill Orc Monk on Aug 1, 2021.
             Was a Priest of Beogh.
             Slain by Josephine (1 damage)
             ... on level 10 of the Dungeon.
             The game lasted 01:23:48 (17189 turns).

ZARRMARR the Cleaver (Hill Orc Monk)               Turns: 17189, Time: 01:23:49

HP:   0/94 (99)     AC: 11    Str: 18    XL:     11   Next: 46%
MP:   12/12         EV: 13    Int: 10    God:    Beogh [***...]
Gold: 427           SH:  0    Dex: 19    Spells: 10/10 levels left

rFire    + . .     SeeInvis +   n - +3 battleaxe
rCold    . . .     Faith    .   (shield currently unavailable)
rNeg     + . .     Spirit   .   U - +2 ring mail of Antique Satisfaction {rF+ rN+ Slay+2}
rPois    .         Reflect  .   h - +0 helmet
rElec    .         Harm     .   p - +0 cloak
rCorr    .         Rampage  .   (no gloves)
Will     .....                  (no boots)
Stlth    ++........             (no amulet)
HPRegen  0.25/turn              o - ring of see invisible
MPRegen  0.13/turn              g - +6 ring of dexterity

@: slowed, drained, very slow
A: no striking features
a: Renounce Religion, Smiting


You were on level 10 of the Dungeon.
You worshipped Beogh.
Beogh was most pleased with you.
You visited 2 branches of the dungeon, and saw 11 of its levels.

You collected 483 gold pieces.
You spent 56 gold pieces at shops.

Inventory:

Hand Weapons
 i - a +4 rapier of draining
 m - a +3 hand axe
 n - a +3 battleaxe (weapon)
 q - a +4 quarterstaff of chaos
 u - a +2 vampiric dagger
 P - a +1 hand axe of flaming
Missiles
 e - 167 stones
 j - 27 poisoned darts
 I - a throwing net
 N - 8 boomerangs (quivered)
 R - 8 curare-tipped darts
Armour
 h - a +0 helmet (worn)
 p - a +0 cloak (worn)
 w - a +0 ring mail of willpower
 U - the +2 ring mail of Antique Satisfaction (worn) {rF+ rN+ Slay+2}
   (You found it on level 9 of the Dungeon)

   Slay:      It affects your accuracy & damage with ranged weapons and melee
   (+2).
   rF:        It protects you from fire.
   rN:        It protects you from negative energy.
Jewellery
 g - a +6 ring of dexterity (right hand)
 o - a ring of see invisible (left hand)
 t - a ring of flight
 S - a ring of protection from cold
Wands
 x - a wand of charming (6)
 Q - a wand of iceblast (9)
Scrolls
 c - 2 scrolls of amnesia
 d - a scroll of fear
 r - 2 scrolls of immolation
 s - 2 scrolls of vulnerability
 y - 2 scrolls of magic mapping
 G - a scroll of torment
 H - a scroll of fog
 J - a scroll of enchant armour
 L - a scroll of enchant weapon {unknown}
Potions
 a - 5 potions of curing
 f - 2 potions of haste {unknown}
 k - 5 potions of flight
 l - a potion of degeneration {unknown}
 v - a potion of resistance {unknown}
 z - a potion of berserk rage {unknown}
 A - 2 potions of lignification {unknown}
 B - 2 potions of brilliance
 D - 2 potions of magic {unknown}
 E - 2 potions of invisibility {unknown}
 F - 2 potions of cancellation
 K - a potion of mutation {unknown}
 T - a potion of might


   Skills:
 + Level 9.7 Fighting
 + Level 13.4 Axes
 + Level 6.3 Throwing
 + Level 9.1 Armour
 + Level 4.1 Dodging
 + Level 3.6 Stealth
 + Level 1.9 Invocations


You had 10 spell levels left.
You didn't know any spells.
Your spell library contained the following spells:

 Spells                   Type           Power      Damage    Failure   Level
 Corpse Rot               Necr/Air       N/A        N/A       67%         2
 Slow                     Hex            0%         N/A       67%         2
 Confusing Touch          Hex            0%         N/A       88%         3
 Dazzling Flash           Conj/Hex       0%         N/A       88%         3
 Gell's Gravitas          Tloc           0%         N/A       88%         3
 Stone Arrow              Conj/Erth      0%         3d7       88%         3
 Teleport Other           Tloc           0%         N/A       88%         3
 Vampiric Draining        Necr           0%         2d6       88%         3
 Animate Armour           Summ/Erth      0%         N/A       99%         4
 Dispel Undead            Necr           0%         3d6       99%         4
 Fulminant Prism          Conj/Hex       0%         3d6       99%         4
 Iskenderun's Mystic Bla  Conj/Tloc      0%         2d3       99%         4
 Lee's Rapid Deconstruct  Erth           0%         3d5*      100%        5
 Death Channel            Necr           0%         N/A       100%        6
 Dispersal                Tloc           0%         N/A       100%        6
 Starburst                Conj/Fire      0%         8x6d3     100%        6
 Lehudib's Crystal Spear  Conj/Erth      0%         10d2      100%        8


Dungeon Overview and Level Annotations

Branches:
Dungeon (10/15)            Temple (1/1) D:5
   Lair: D:8-11         Orc: D:9-12

Altars:
Ashenzari
Cheibriados
Dithmenos
Elyvilon
Fedhas
Gozag
Hepliaklqana
Kikubaaqudgha
Makhleb
Nemelex Xobeh
Okawaru
Qazlal
Ru
Sif Muna
Trog
Uskayaw
Vehumet
Wu Jian
Xom
Yredelemnul
Zin

Shops:
D:2 ?   D:9 :

Annotations:
D:8 2 transporters, ubername's ghost, novice BaIE
D:10 Josephine


Message History

You feel as though you will be slow longer.
The orc knight roars a battlecry!
You barely miss Josephine.
Josephine is almost dead.
You completely miss the wraith. Josephine draws life force from you!
Josephine is healed by the life force!
The wraith barely misses you.
Unknown command.
You closely miss Josephine.
Josephine is almost dead.
You hit the wraith but do no damage. Josephine hits you with a +0 dagger.
* * * LOW HITPOINT WARNING * * *
The wraith hits you.
* * * LOW HITPOINT WARNING * * *
The wraith drains your vigour!
You feel as though you will be slow longer.
Josephine hits you but does no damage. The wraith misses you.
You barely miss Josephine.
Josephine is almost dead.
You barely miss the wraith. Josephine casts a spell at you.
The ghostly flame explodes!
The ghostly fireball engulfs you! You partially resist.
You feel drained.
* * * LOW HITPOINT WARNING * * *
The ghostly fireball engulfs the wraith.
The wraith completely resists.
The ghostly fireball engulfs Josephine.
Josephine completely resists.
The wraith hits you.
* * * LOW HITPOINT WARNING * * *
The wraith drains your vigour!
You feel as though you will be slow longer.
You hear a shout!
Josephine points at you and mumbles some strange words.
The ghostly flame explodes!
The ghostly fireball engulfs you! You partially resist.
You feel drained.
* * * LOW HITPOINT WARNING * * *
As you read the scroll of fear, it crumbles to dust.
You assume a fearsome visage.
The freezing wraith is unaffected.
The orc knight looks frightened!
Josephine resists with almost no effort.
The wraith is unaffected.
Josephine hits you with a +0 dagger.
You die...

. ## .. . #! .#
#.. ? .C .####.
.####.####......
....oOW@....#
#####.)#@####
##.#.# #.#.#
#.#.# #.#.#
#.#.# #.#.# #o#
#.#


You could see Josephine, an orc knight (fleeing), an ogre mage (invisible), a
cyclops, a wraith and a friendly orc warrior (drained).

Vanquished Creatures
  2 two-headed ogres
  A centaur warrior (D:10)
  The ghost of mandarbmax the Spear-Bearer, a novice MfGl (D:4)
  An unseen horror (D:10)
  The ghost of AlmostDecent the Chopper, an amateur DsFi (D:4)
  A troll (D:9)
  2 wraiths
  10 yaks (D:9)
  A wyvern (D:9)
  Eustachio (D:5)
  2 water moccasins (D:6)
  5 orc warriors
  3 black bears
  3 ice beasts
  4 necrophages (D:5)
  3 ogres
  5 centaurs
  2 kobold brigands
  5 bullfrogs
  A gnoll sergeant (D:10)
  4 scorpions
  A killer bee (D:6)
  A wight (D:6)
  2 howler monkeys
  2 centaur zombies
  4 jellies
  Crazy Yiuf (D:2)
  A bullfrog zombie (D:7)
  A gnoll shaman (D:6)
  3 orc priests
  2 centaur skeletons
  8 hounds
  Natasha (twice) (D:3)
  Jessica (D:2)
  Terence (D:2)
  2 iguanas (D:4)
  4 orc wizards
  2 killer bee zombies
  9 gnolls
  A howler monkey skeleton (D:7)
  13 adders
  A shadow imp (D:5)
  A white imp (D:6)
  2 ufetubi
  An adder skeleton (D:5)
  An adder zombie (D:5)
  3 worms
  11 orcs
  10 ball pythons
  16 endoplasms
  3 giant cockroaches
  12 goblins
  9 hobgoblins
  6 jackals
  3 quokkas
  5 bats
  3 frilled lizards
  14 kobolds
  6 rats
226 creatures vanquished.

Vanquished Creatures (collateral kills)
  3 yaks (D:9)
  A bullfrog (D:8)
  An orc priest (D:8)
  2 orc wizards (D:8)
  A gnoll (D:10)
  5 orcs
  A kobold (D:9)
14 creatures vanquished.

Vanquished Creatures (others)
  An orc priest (D:6)
  An orc wizard (D:9)
  7 orcs
  7 fungi (D:3)
  7 toadstools (D:3)
  6 withered plants (D:4)
29 creatures vanquished.

Grand Total: 269 creatures vanquished

Notes
Turn   | Place    | Note
-------+----------+-------------------------------------------
     0 | D:1      | ZARRMARR the Hill Orc Monk began the quest for the Orb.
     0 | D:1      | Reached XP level 1. HP: 19/19 MP: 1/1
   307 | D:1      | Reached XP level 2. HP: 19/27 MP: 2/2
  1155 | D:2      | Noticed Jessica
  1324 | D:1      | Reached XP level 3. HP: 30/33 MP: 3/3
  1380 | D:2      | Killed Jessica
  1562 | D:2      | Reached XP level 4. HP: 30/41 MP: 4/4
  1724 | D:2      | Noticed Terence
  1745 | D:2      | Killed Terence
  2094 | D:2      | Reached skill level 1 in Armour
  2184 | D:2      | Reached skill level 5 in Axes
  2243 | D:2      | Found a runed translucent door.
  2244 | D:2      | Noticed Crazy Yiuf
  2357 | D:2      | Reached XP level 5. HP: 47/47 MP: 5/5
  2472 | D:2      | Reached skill level 1 in Throwing
  2735 | D:2      | Found Osad's Magic Scroll Shoppe.
  2742 | D:2      | Bought a scroll of identify for 28 gold pieces
  2941 | D:3      | Noticed Natasha
  2954 | D:3      | Killed Natasha
  2955 | D:3      | Reached XP level 6. HP: 52/55 MP: 6/6
  3532 | D:3      | Noticed Natasha
  3538 | D:3      | Killed Natasha
  3539 | D:3      | Reached skill level 6 in Axes
  4033 | D:2      | Killed Crazy Yiuf
  4069 | D:2      | Bought a scroll of identify for 28 gold pieces
  4186 | D:4      | Found a runed translucent gate.
  4186 | D:4      | Found a runed translucent gate.
  4191 | D:4      | Found a runed translucent gate.
  4191 | D:4      | Noticed AlmostDecent's ghost (amateur DsFi)
  4191 | D:4      | Noticed mandarbmax's ghost (novice MfGl)
  4207 | D:4      | Reached XP level 7. HP: 52/60 MP: 7/7
  4531 | D:4      | Reached skill level 5 in Fighting
  4690 | D:4      | Reached skill level 7 in Axes
  5542 | D:5      | Entered Level 5 of the Dungeon
  5732 | D:5      | Found a staircase to the Ecumenical Temple.
  5748 | Temple   | Entered the Ecumenical Temple
  6088 | D:5      | Reached XP level 8. HP: 50/68 MP: 8/8
  6243 | D:5      | Reached skill level 8 in Axes
  6487 | D:5      | Noticed a two-headed ogre
  6494 | D:5      | Killed a two-headed ogre
  6495 | D:5      | Reached skill level 9 in Axes
  6495 | D:5      | Reached skill level 5 in Armour
  6495 | D:5      | Reached XP level 9. HP: 20/77 MP: 9/9
  6855 | D:5      | Reached skill level 10 in Axes
  7560 | D:4      | Killed AlmostDecent's ghost
  8121 | D:6      | Noticed Eustachio
  8141 | D:5      | Killed Eustachio
  8232 | D:6      | Became a worshipper of Beogh the Brigand
  8232 | D:6      | Reached * piety under Beogh
  8232 | D:6      | Reached ** piety under Beogh
  9459 | D:6      | Reached skill level 5 in Throwing
 10206 | D:6      | Reached skill level 11 in Axes
 10343 | D:6      | Reached XP level 10. HP: 86/86 MP: 10/10
 10843 | D:6      | Reached *** piety under Beogh
 11843 | D:7      | Found a hazy altar of Hepliaklqana.
 12864 | D:4      | Killed mandarbmax's ghost
 12865 | D:4      | Reached skill level 12 in Axes
 13420 | D:8      | Found a transporter.
 13421 | D:8      | Noticed a cyan ugly thing
 13421 | D:8      | Noticed ubername's ghost (novice BaIE)
 13422 | D:8      | Found a transporter.
 14559 | D:8      | Found a stormy altar of Qazlal.
 14560 | D:8      | Found a shadowy altar of Dithmenos.
 15208 | D:9      | Found Inykism's Self-Improvement Boutique.
 15320 | D:9      | Reached **** piety under Beogh
 15497 | D:9      | Reached XP level 11. HP: 91/95 MP: 11/11
 15657 | D:9      | Reached skill level 1 in Invocations
 16119 | D:9      | Identified the +2 ring mail of Antique Satisfaction {rF+
                  | rN+ Slay+2}
 16328 | D:10     | Entered Level 10 of the Dungeon
 16663 | D:10     | Reached skill level 13 in Axes
 16701 | D:10     | Noticed a two-headed ogre
 16708 | D:10     | Killed a two-headed ogre
 17171 | D:10     | Noticed a centaur warrior
 17171 | D:10     | Noticed Josephine
 17173 | D:10     | Noticed an orc knight
 17174 | D:10     | Noticed a cyclops
 17175 | D:10     | Noticed an ogre mage
 17176 | D:10     | Noticed a white ugly thing
 17177 | D:10     | Noticed a boulder beetle
 17178 | D:10     | Killed a centaur warrior
 17188 | D:10     | HP: 1/94 [Josephine/ghostly fireball (9)]
 17189 | D:10     | Slain by Josephine

Illustrated notes

Levels and vault maps discovered:
D:1:      co_arrival_random_square_maze, layout_loops_ring
D:2:      layout_loops_ring, serial_shops, shop_fountains,
          uniq_crazy_yiuf_cottage, uniq_terence, uniq_jessica
D:3:      cheibrodos_fertilizer, layout_basic, kennysheep_boxes, uniq_natasha
D:4:      layout_basic, gammafunk_ghost_cemetery
D:5:      layout_basic, minmay_temple_entry_mini_moons, serial_rivers,
          chequers_serial_rivers_marsh, chequers_serial_rivers_micro_e,
          chequers_serial_rivers_micro_d, chequers_serial_rivers_room_b,
          minmay_misc_feat_rows, minmay_circle_x
D:6:      kennysheep_windowed_halls, layout_basic, uniq_eustachio
D:7:      layout_basic, nicolae_hepliaklqana_hazy_memory
D:8:      layout_layer_cave, amethyst_overflow_temple_binary,
          gammafunk_ghost_arena
D:9:      layout_basic, nicolae_shop_self_help
D:10:     layout_loops_ring, kennysheep_little_box, lair_entry_dummy,
          hangedman_decor_push, minivault_28, uniq_josephine
Temple:   dpeg_five_rooms_temple

Skill      XL: |  1  2  3  4  5  6  7  8  9 10 11 |
---------------+----------------------------------+-----
Fighting       | 4 5 6 7 8 9 |  9.7
Stealth        | 2 3 |  3.6
Armour         | 1 2 3 4 5 7 8 9 |  9.1
Axes           | 5 6 7 9 11 12 13 | 13.4
Throwing       | 1 2 3 4 5 6 |  6.3
Dodging        | 3 4 |  4.1
Invocations    | 1 |  1.9

Action                   |  1- 3 |  4- 6 |  7- 9 | 10-12 || total
-------------------------+-------+-------+-------+-------++-------
Melee: Hand axe          |    95 |   186 |   378 |    14 ||   673
       Battleaxe         |       |       |       |   285 ||   285
Throw: Stone             |    23 |   125 |   118 |       ||   266
       Dart              |       |       |    28 |    24 ||    52
       Boomerang         |       |       |       |    29 ||    29
       Throwing net      |       |       |       |     1 ||     1
Invok: Convert to Beogh  |       |       |     1 |       ||     1
       Recall Orcish Fol |       |       |       |     1 ||     1
       Smiting           |       |       |       |     2 ||     2
Evoke: Wand              |       |       |       |     1 ||     1
  Use: Scroll            |     2 |     6 |     4 |     7 ||    19
       Potion            |       |       |     3 |     7 ||    10
 Stab: Sleeping          |     3 |       |       |     4 ||     7
Armor: Robe              |    11 |       |       |       ||    11
       Chain mail        |    13 |    97 |   186 |    90 ||   386
       Ring mail         |       |       |       |    83 ||    83
       Plate armour      |       |       |       |    41 ||    41
Dodge: Dodged            |    38 |    56 |   107 |   168 ||   369
